 Dungeon Crawl Stone Soup version 0.19-a0-1206-g6bcb79c (webtiles) character file.

17581 inmateoo the Carver (level 12, -2/68 HPs)
             Began as a Tengu Assassin on Aug 21, 2016.
             Was the Champion of Hepliaklqana.
             Hit by a large rock thrown by a cyclops (41 damage)
             ... on level 13 of the Dungeon.
             The game lasted 00:20:54 (14040 turns).

inmateoo the Carver (Tengu Assassin)               Turns: 14040, Time: 00:20:54

Health: -2/68      AC: 10    Str: 10    XL:     12   Next: 49%
Magic:  22/22      EV: 19    Int: 14    God:    Hepliaklqana [******]
Gold:   561        SH:  0    Dex: 23    Spells: 1 memorised, 20 levels left

rFire  + . .     SeeInvis .     K - +3 scimitar (holy)
rCold  . . .     Gourm    .     G - +1 ring mail of Ustoeggu {rF+ Str-2 Int+4 Dex+3}
rNeg   . . .     Faith    .     (no shield)
rPois  .         Spirit   .     (helmet restricted)
rElec  .         Dismiss  .     j - +1 cloak
rCorr  .         Reflect  .     A - +0 pair of gloves
MR     ++...     Harm     .     (boots unavailable)
Stlth  ++++...... Clarity  +    (no amulet)
                                M - +4 ring of slaying
                                d - ring of protection from magic

@: no status effects
A: beak, talons 3, repulsion field 1, clarity, dopey 1, magic resistance 1, wild
magic 2, able to fly 1
a: Fly, Recall Ancestor, Ancestor Identity, Transference, Idealise, Renounce
Religion


You were on level 13 of the Dungeon.
You worshipped Hepliaklqana.
Hepliaklqana was exalted by your worship.
You were very hungry.

You visited 1 branch of the dungeon, and saw 13 of its levels.
You also visited: Bailey.

You collected 561 gold pieces.

Inventory:

Hand Weapons
 a - a +2 dagger
 b - a +0 blowgun
 K - a +3 scimitar of holy wrath (weapon)
Missiles
 f - 58 poisoned needles
 t - a curare-tipped needle
 H - 3 needles of sleeping
Armour
 j - a +1 cloak (worn)
 A - a +0 pair of gloves (worn)
 G - the +1 ring mail of Ustoeggu (worn) {rF+ Str-2 Int+4 Dex+3}
   (You found it on level 6 of the Dungeon)

   It affects your strength (-2).
   It affects your intelligence (+4).
   It affects your dexterity (+3).
   It protects you from fire.
Jewellery
 d - a ring of protection from magic (left hand)
 n - an uncursed ring of protection from magic
 u - an uncursed ring of fire
 M - a +4 ring of slaying (right hand)
 N - a +4 ring of strength {unknown}
 P - a +3 ring of strength {unknown}
 Q - a +3 ring of strength {unknown}
 R - a cursed amulet of inaccuracy {unknown}
Wands
 r - a wand of iceblast (7/15)
 s - a wand of slowing (18/48)
 E - a wand of polymorph (7/24)
 F - a wand of digging (18/24)
Scrolls
 c - a scroll of recharging
 e - 2 scrolls of teleportation
 i - a scroll of noise
 o - 2 scrolls of enchant armour
 v - a scroll of magic mapping
 y - 8 scrolls of remove curse
 C - 3 scrolls of identify
Potions
 k - 2 potions of flight
 l - a potion of curing
 m - 2 potions of magic
 q - 4 potions of cancellation
 B - 2 potions of heal wounds
 I - 2 potions of might
 J - a potion of resistance
Books
 w - a book of Clouds

   Spells                             Type                      Level
   a - Mephitic Cloud                 Conjuration/Poison/Air       3
   b - Conjure Flame                  Conjuration/Fire             3
   c - Poisonous Cloud                Conjuration/Poison/Air       6
   d - Freezing Cloud                 Conjuration/Ice/Air          6
   e - Ring of Flames                 Charms/Fire                  7
 x - a Young Poisoner's Handbook

   Spells                             Type                      Level
   a - Sting                          Conjuration/Poison           1
   b - Mephitic Cloud                 Conjuration/Poison/Air       3
   c - Olgreb's Toxic Radiance        Poison                       4
   d - Alistair's Intoxication        Transmutation/Poison         5
   e - Venom Bolt                     Conjuration/Poison           5
 D - a book of Necromancy

   Spells                             Type                      Level
   a - Pain                           Necromancy                   1
   b - Animate Skeleton               Necromancy                   1
   c - Vampiric Draining              Necromancy                   3
   d - Regeneration                   Charms/Necromancy            3
   e - Animate Dead                   Necromancy                   4
   f - Control Undead                 Necromancy                   4
Comestibles
 g - 8 bread rations
 h - 4 meat rations
 p - 4 beef jerkies
 z - 3 fruits
 L - 10 royal jellies


   Skills:
 + Level 9.0 Fighting
 - Level 8.5(10.7) Short Blades
 * Level 10.4(11.6) Long Blades
 - Level 2.0 Throwing
 + Level 4.9 Armour
 + Level 9.0 Dodging
 - Level 9.0 Stealth
 + Level 6.1 Spellcasting


You had 20 spell levels left.
You knew the following spells:

 Your Spells              Type           Power        Failure   Level  Hunger
a - Regeneration          Chrm/Necr      #.........   97%         3    ###....


Dungeon Overview and Level Annotations

Branches:
Dungeon (13/15)            Temple (0/1) D:7            Lair (0/6) D:8
    Orc (0/2) D:9
 Vaults: D:13-14

Altars:
Dithmenos
Hepliaklqana
Kikubaaqudgha
Okawaru
Qazlal
Ru
Trog
Uskayaw
Xom
Yredelemnul
Zin
The Shining One
Jiyva

Shops:
D:4 (   D:6 =(}(=   D:11 ?

Portals:
Trove: D:12 (give wand of hasting (9))


Innate Abilities, Weirdness & Mutations

You have a beak for a mouth.
You have claws for feet.
You can fly.
You are surrounded by a mild repulsion field. (EV +2)
You possess an exceptional clarity of mind.
You are dopey. (Int -2)
You are resistant to hostile enchantments. (MR+)
Your spells are harder to cast, but more powerful.


Message History

Unknown command.
You swap places.
Xochipepe points at the orc priest and mumbles some strange words.
The stone arrow hits the orc priest.
The orc priest dies!
The orc wizard casts a spell at you.
The magic dart hits Xochipepe.
An orc comes into view. It is wielding a hand axe.
You see here a large rock.
Xochipepe points at the orc wizard and mumbles some strange words.
The stone arrow hits the orc wizard.
The orc wizard dies!
The cyclops throws a large rock.
The large rock hits Xochipepe!!
Unknown command.
Xochipepe gestures at the cyclops while chanting.
The puff of frost hits the cyclops.
The cyclops throws a large rock.
The large rock closely misses Xochipepe.
The large rock hits you!!!
Ouch! That really hurt!
You die...

..)..#
####.#########
#.........#
#########.#
### #.# #..
#.# #># #.#
#.# #.####.###
#....@...#
######.#.# #(#
#R# #)#C.# #.#
#.# #.o ... #.
### #o


You could see the friendly Xochipepe the battlemage and a cyclops.

Vanquished Creatures
  A centaur warrior (D:13)
  A hill giant (D:12)
  2 deep elf magi (Bailey)
  A centaur zombie (D:11)
  The ghost of McCoppin the Sneak, an amateur OpGl (D:5)
  12 yaks
  A hippogriff (D:12)
  2 vampire mosquitoes (D:13)
  2 hungry ghosts
  A warg (D:9)
  2 black bears
  An orc warrior (D:11)
  2 ice beasts
  2 phantoms
  5 ogres
  7 centaurs
  A big kobold (D:12)
  9 giant frogs
  Blork the orc (D:5)
  A scorpion (D:13)
  3 killer bees (D:11)
  4 wights (D:8)
  2 howler monkeys
  2 crimson imps
  A wasp zombie (D:11)
  9 hounds
  A giant frog zombie (D:12)
  2 centaur skeletons (D:4)
  2 giant frog skeletons
  5 orc priests
  4 jellies
  Crazy Yiuf (D:4)
  4 iguanas
  12 orc wizards
  Terence (D:3)
  7 worker ants
  2 sheep (D:11)
  A hound zombie (D:8)
  A worker ant zombie (D:5)
  4 gnolls (D:4)
  A river rat (D:8)
  8 adders
  2 shadow imps
  7 oozes
  2 adder skeletons (D:5)
  3 worms
  3 dart slugs (D:2)
  5 giant geckos
  24 orcs
  4 giant cockroaches
  4 goblins
  7 hobgoblins
  5 jackals
  6 kobolds
  5 quokkas
  A ball python (D:2)
  13 bats
  A giant cockroach zombie (D:5)
  4 giant newts
  A quokka skeleton (D:7)
  12 rats
  A plant (D:9)
242 creatures vanquished.

Vanquished Creatures (collateral kills)
  The ghost of Rationalist the Blocker, a novice MiFi of Trog (D:9)
  3 hill giants
  An ugly thing (D:13)
  A deep elf mage (Bailey)
  A cyclops (D:12)
  A centaur zombie (D:11)
  A wraith (D:12)
  15 yaks
  2 wargs (D:9)
  A water moccasin (D:9)
  4 orc warriors
  2 sky beasts
  A black bear (D:8)
  3 necrophages
  An ice beast (D:8)
  2 phantoms
  3 giant frogs (D:10)
  A water moccasin skeleton (D:7)
  2 killer bees (D:11)
  3 crimson imps
  A giant frog zombie (D:10)
  A jelly (D:7)
  2 hounds
  A giant frog skeleton (D:7)
  4 orc wizards
  3 orc priests
  A centaur skeleton (D:11)
  An iguana (D:7)
  2 worker ants (D:7)
  A sheep (D:11)
  A hound zombie (D:7)
  An adder (D:12)
  3 river rats (D:8)
  A giant gecko (D:6)
  7 orcs
  2 bats (D:8)
  A giant cockroach (D:6)
  A quokka (D:8)
  3 goblins (D:7)
  2 kobolds (D:12)
  4 rats (D:8)
92 creatures vanquished.

Vanquished Creatures (others)
  2 battlemagi
  2 plants (D:9)
4 creatures vanquished.

Grand Total: 338 creatures vanquished

Notes
Turn   | Place    | Note
-------+----------+-------------------------------------------
     0 | D:1      | inmateoo the Tengu Assassin began the quest for the Orb.
     0 | D:1      | Reached XP level 1. HP: 12/12 MP: 2/2
   106 | D:1      | Reached XP level 2. HP: 15/17 MP: 3/3
   664 | D:2      | Reached XP level 3. HP: 17/22 MP: 4/4
  1182 | D:2      | Reached XP level 4. HP: 27/27 MP: 5/5
  1652 | D:3      | Noticed Terence
  1718 | D:3      | Killed Terence
  1718 | D:3      | Gained mutation: You can fly. [Tengu growth]
  1718 | D:3      | Reached XP level 5. HP: 7/32 MP: 6/6
  2876 | D:4      | Found Ygorche's Antique Weapon Shop.
  2885 | D:4      | Found a glowing silver altar of Zin.
  2927 | D:4      | Found a runed door.
  2962 | D:4      | Reached XP level 6. HP: 34/37 MP: 7/7
  3073 | D:4      | Reached skill level 5 in Stealth
  3302 | D:4      | Reached skill level 5 in Short Blades
  4026 | D:4      | Reached XP level 7. HP: 38/42 MP: 8/8
  4112 | D:4      | Noticed Crazy Yiuf
  4125 | D:4      | Killed Crazy Yiuf
  4162 | D:5      | Entered Level 5 of the Dungeon
  4165 | D:5      | Noticed McCoppin's ghost (amateur OpGl)
  4188 | D:5      | Killed McCoppin's ghost
  4493 | D:5      | Found a shimmering altar of Xom.
  4497 | D:5      | Found a glowing golden altar of the Shining One.
  4504 | D:5      | Found a hide-covered altar of Uskayaw.
  4504 | D:5      | Found an ancient bone altar of Kikubaaqudgha.
  4504 | D:5      | Found a shadowy altar of Dithmenos.
  4504 | D:5      | Found a hazy altar of Hepliaklqana.
  4506 | D:5      | Found a sacrificial altar of Ru.
  4508 | D:5      | Found a stormy altar of Qazlal.
  4509 | D:5      | Found a basalt altar of Yredelemnul.
  4585 | D:5      | Reached XP level 8. HP: 47/48 MP: 9/9
  4661 | D:5      | Became a worshipper of Hepliaklqana
  5030 | D:5      | Noticed Blork the orc
  5042 | D:5      | Killed Blork the orc
  5658 | D:5      | Reached skill level 5 in Fighting
  5768 | D:6      | Reached * piety under Hepliaklqana
  5804 | D:6      | Found Delan's Antique Weapon Boutique.
  5843 | D:6      | Got an ichor-stained ring mail
  5854 | D:6      | Identified the +1 ring mail of Ustoeggu {rF+ Str-2 Int+4 Dex+3} (You found it on level 6 of the Dungeon)
  6034 | D:6      | Found a glowing golden altar of the Shining One.
  6195 | D:6      | Found Hiss's Jewellery Shop.
  6232 | D:6      | Reached skill level 5 in Dodging
  6240 | D:6      | Learned a level 3 spell: Regeneration
  6263 | D:6      | Found an iron altar of Okawaru.
  6318 | D:6      | Found Geluzav's Gadget Shoppe.
  6334 | D:6      | Found Wiydia Soxo's Jewellery Emporium.
  6511 | D:6      | Reached ** piety under Hepliaklqana
  6606 | D:6      | Remembered your ancestor Xochipepe as a battlemage
  6666 | D:6      | Found Zedan's Antique Weapon Shop.
  6815 | D:7      | Found a flagged portal.
  6828 | D:7      | Reached skill level 1 in Spellcasting
  6828 | D:7      | Reached XP level 9. HP: 24/48 MP: 11/11
  6955 | Bailey   | Entered a bailey
  6984 | Bailey   | Noticed a deep elf mage
  6991 | Bailey   | Killed a deep elf mage
  7007 | Bailey   | Noticed a deep elf mage
  7008 | Bailey   | Noticed a deep elf mage
  7008 | Bailey   | Noticed a deep elf mage
  7009 | Bailey   | Noticed a deep elf mage
  7009 | Bailey   | Noticed a deep elf mage
  7013 | Bailey   | Killed a deep elf mage
  7013 | Bailey   | Reached skill level 2 in Long Blades
  7025 | Bailey   | Noticed an ice devil
  7027 | Bailey   | Noticed a demonic crawler
  7028 | Bailey   | Killed a deep elf mage
  7028 | Bailey   | Reached skill level 3 in Long Blades
  7346 | D:7      | Found a staircase to the Ecumenical Temple.
  7381 | D:7      | Reached skill level 4 in Long Blades
  7384 | D:7      | Reached XP level 10. HP: 14/54 MP: 13/15
  7893 | D:7      | Reached skill level 5 in Long Blades
  8142 | D:8      | Reached *** piety under Hepliaklqana
  8561 | D:8      | Reached **** piety under Hepliaklqana
  8801 | D:8      | Found a staircase to the Lair.
  8831 | D:9      | Noticed Rationalist's ghost (novice MiFi)
  8916 | D:9      | Found a bloodstained altar of Trog.
  8917 | D:9      | Found a staircase to the Orcish Mines.
  8923 | D:9      | Reached skill level 6 in Long Blades
  9641 | D:9      | Reached skill level 7 in Long Blades
  9677 | D:9      | Killed Rationalist's ghost
  9677 | D:9      | Reached XP level 11. HP: 15/60 MP: 18/18
 10137 | D:10     | Entered Level 10 of the Dungeon
 10137 | D:10     | Noticed a hill giant
 10145 | D:10     | Killed a hill giant
 10370 | D:10     | Found a viscous altar of Jiyva.
 10454 | D:10     | Reached ***** piety under Hepliaklqana
 10577 | D:10     | Reached skill level 8 in Long Blades
 10610 | D:10     | Gained mutation: Your spells are a little harder to cast, but a little more powerful. [mutagenic meat]
 10613 | D:10     | Gained mutation: You possess an exceptional clarity of mind. [mutagenic meat]
 10616 | D:10     | Gained mutation: You are dopey. (Int -2) [mutagenic meat]
 10619 | D:10     | Gained mutation: You are surrounded by a mild repulsion field. (EV +2) [mutagenic meat]
 10702 | D:10     | Noticed a hill giant
 10709 | D:10     | Killed a hill giant
 10709 | D:10     | Reached skill level 1 in Armour
 11151 | D:11     | Found Dobluutz's Magic Scroll Shop.
 11301 | D:11     | Noticed a cyclops
 11479 | D:10     | Reached skill level 5 in Spellcasting
 11821 | D:11     | Reached skill level 9 in Long Blades
 12412 | D:12     | Found a portal to a secret trove of treasure.
 12437 | D:12     | Noticed a hill giant
 12447 | D:12     | Killed a hill giant
 12447 | D:12     | Reached XP level 12. HP: 57/67 MP: 21/21
 12677 | D:12     | Gained mutation: Your spells are harder to cast, but more powerful. [potion of mutation]
 12677 | D:12     | Gained mutation: You are resistant to hostile enchantments. (MR+) [potion of mutation]
 12689 | D:12     | Reached ****** piety under Hepliaklqana
 13142 | D:12     | Reached skill level 10 in Long Blades
 13837 | D:13     | Noticed a centaur warrior
 13847 | D:13     | Killed a centaur warrior
 14040 | D:13     | Hit by a large rock thrown by a cyclops

Vault maps used:
D:1:      matt_arrival_debris, due_unseen_surprise
D:2:      first_bread
D:3:      lemuel_upstairs_altar, uniq_terence
D:4:      zin_treasury, serial_shops, shop, uniq_crazy_yiuf_cottage
D:5:      kennysheep_six_static_rooms, minitemple,
          hangedman_abyss_or_decor_lesser_grid, uniq_blork_the_orc
D:6:      marbit_many_paths, serial_shops, shop, shop, nicolae_shop_crystal,
          shop, kennysheep_mini, serial_bayou_pond_b, amethyst_killhole,
          tso_metal_star
D:7:      enter_bailey_3
D:8:      grunt_lair_entry_orc_guard_hut
D:9:      wad_woods_pond, bloody_trog, minmay_orc_entry_guard_dogs
D:10:     hangedman_little_slice_of_home
D:11:     minmay_klotski, serial_shops, shop_fountains, minivault_1
D:12:     enter_trove_0, kennysheep_doodads
D:13:     minmay_guarded_unrand_finisher
Bailey:   bailey_polearm_3, bailey

Skill      XL: |  1  2  3  4  5  6  7  8  9 10 11 12 |
---------------+-------------------------------------+-----
Short Blades   | 3 4 5 6 8 |  8.5
Dodging        | 2 3 4 5 6 7 8 9 |  9.0
Fighting       | 3 4 5 6 7 8 9 |  9.0
Stealth        | 5 6 7 8 9 |  9.0
Spellcasting   | 1 2 4 5 6 |  6.1
Long Blades    | 4 7 9 10 | 10.4
Armour         | 3 4 |  4.9
Throwing       | |  2.0

Action                   |  1- 3 |  4- 6 |  7- 9 | 10-12 || total
-------------------------+-------+-------+-------+-------++-------
Melee: Dagger            |    81 |   166 |   220 |       ||   467
       Peck              |    10 |    35 |    60 |   141 ||   246
       Kick              |    20 |    40 |   105 |   206 ||   371
       Long sword        |       |       |    37 |   105 ||   142
       Scimitar          |       |       |       |   425 ||   425
 Fire: Blowgun           |     6 |    17 |     4 |       ||    27
Invok: Ancestor Life: Ba |       |       |     1 |       ||     1
       Recall Ancestor   |       |       |       |     1 ||     1
 Abil: Fly               |       |     2 |       |     2 ||     4
  Use: Scroll            |     5 |     2 |     5 |     8 ||    20
       Potion            |       |     1 |     2 |     1 ||     4
 Stab: Sleeping          |     8 |    10 |    11 |    19 ||    48
       Distracted        |       |     1 |     2 |     6 ||     9
  Eat: Chunk             |       |    10 |    11 |    26 ||    47
       Pizza             |       |       |       |     1 ||     1
Armor: Robe              |    24 |    26 |    21 |       ||    71
       Ring mail         |       |       |    18 |    93 ||   111
Dodge: Dodged            |    32 |    84 |   127 |   245 ||   488
